 Dungeon Crawl Stone Soup version 0.32-a0-685-g93135e86f0 (webtiles) character file.

Game seed: 5421622772252781018

952 warriortoast the Fighter (level 7, -2/69 HPs)
             Began as a Minotaur Fighter on Mar 12, 2024.
             Killed by nerve-wracking pain
             ... invoked by an orc priest
              (7 damage)
             ... on level 5 of the Dungeon.
             The game lasted 00:06:49 (4378 turns).

warriortoast the Fighter (Minotaur Fighter)         Turns: 4378, Time: 00:06:50

Health: -2/69      AC:  6    Str: 23    XL:     7   Next: 90%
Magic:  6/6        EV:  9    Int:  5    God:
Gold:   297        SH:  4    Dex:  9    Spells: 6/6 levels left

rFire   . . .        a - +0 war axe
rCold   . . .        c - +0 buckler
rNeg    . . .        b - +0 scale mail
rPois   .            (helmet restricted)
rElec   .            (no cloak)
rCorr   .            (no gloves)
SInv    .            (no boots)
Will    .....        (no amulet) Stlth
                     (no ring)
HPRegen 0.31/turn    (no ring)
MPRegen 0.10/turn

%: no passive effects
@: no status effects
A: horns 2, retaliatory headbutt
a: Convert to Beogh


You were on level 5 of the Dungeon.
You visited 1 branch of the dungeon, and saw 6 of its levels.

You collected 297 gold pieces.

Inventory:

Hand Weapons
 a - a +0 war axe (weapon)
 q - a +0 dagger
Missiles
 p - 8 poisoned darts (quivered)
Armour
 b - a +0 scale mail (worn)
 c - a +0 buckler (worn)
 y - a +0 pair of gloves
Jewellery
 h - a ring of fire
 x - a ring of flight
 E - a +6 ring of dexterity
Wands
 u - a wand of flame (12)
 F - a wand of mindburst (21)
Scrolls
 f - 12 scrolls of identify {unknown}
 g - a scroll of torment {unknown}
 i - 4 scrolls of revelation {unknown}
 k - 4 scrolls of fog {unknown}
 m - 2 scrolls of vulnerability {unknown}
 o - a scroll of enchant weapon {unknown}
 s - a scroll of noise {unknown}
 v - a scroll of amnesia {unknown}
 w - 3 scrolls of enchant armour {unknown}
 A - a scroll of poison {unknown}
 D - 3 scrolls of fear {unknown}
 G - 2 scrolls of teleportation {unknown}
Potions
 d - 3 potions of might
 e - 2 potions of curing {unknown}
 j - a potion of enlightenment {unknown}
 l - a potion of lignification {unknown}
 n - 2 potions of heal wounds {unknown}
 r - 2 potions of ambrosia {unknown}
 t - a potion of mutation {unknown}
 z - 4 potions of haste {unknown}
 B - a potion of brilliance {unknown}
 C - a potion of magic {unknown}


   Skills:
 + Level 8.5 Fighting
 + Level 8.0 Axes
 - Level 3.6 Armour
 - Level 3.6 Shields


You had 6 spell levels left.
You didn't know any spells.
Your spell library contained the following spells:

 Spells                   Type           Power      Damage    Failure   Level
 Apportation              Tloc           0%         N/A       85%         1
 Freeze                   Ice            0%         1d3       85%         1
 Necrotise                Necr           0%         1d4       85%         1
 Sandblast                Erth           0%         2d4       85%         1
 Sting                    Conj/Alch      0%         1d3       85%         1
 Summon Small Mammal      Summ           0%         N/A       85%         1
 Blink                    Tloc           0%         N/A       94%         2
 Lesser Beckoning         Tloc           0%         N/A       94%         2
 Momentum Strike          Conj/Tloc      0%         3d8       94%         2
 Frozen Ramparts          Ice            0%         1d1       99%         3
 Hailstorm                Conj/Ice       0%         3d5       99%         3
 Ozocubu's Armour         Ice            0%         N/A       99%         3
 Stone Arrow              Conj/Erth      0%         3d7       99%         3
 Brom's Barrelling Bould  Conj/Erth      0%         2d3       100%        4
 Metabolic Englaciation   Hex/Ice        0%         N/A       100%        5


Dungeon Overview and Level Annotations

Branches:
Dungeon (6/15)
 Temple: D:4-7

Altars:


Innate Abilities, Weirdness & Mutations

You have a pair of horns on your head.
You reflexively headbutt those who attack you in melee.


Message History

The scorpion is almost dead.
You hit the orc priest but do no damage.
The scorpion stings you.
The orc priest mumbles some strange prayers to Beogh against you.
Beogh smites you!
You closely miss the scorpion. You headbutt the scorpion.
You kill the scorpion!
You hit the orc priest. The orc priest hits you with a +0 whip.
Your Axes skill increases to level 8!
The orc priest mumbles some strange prayers to Beogh against you.
Pain shoots through your body!
* * * LOW HITPOINT WARNING * * *
The orc priest hits you but does no damage.
There is a stone staircase leading down here.
You completely miss the orc priest.
The orc priest is moderately wounded.
The orc priest casts a cantrip, but nothing happens.
You hit the orc priest but do no damage.
You headbutt the orc priest, but do no damage.
The orc priest is moderately wounded.
The orc priest hits you but does no damage.
You barely miss the orc priest.
The orc priest shouts, "Surrender to Beogh and we'll let you live!"
The orc priest is moderately wounded.
The orc priest hits you but does no damage.
The orc priest calls down the wrath of Beogh upon you.
Beogh smites you!
* * * LOW HITPOINT WARNING * * *
You hit the orc priest.
The orc priest is moderately wounded.
The orc priest looks encouraged for a moment.
You barely miss the orc priest.
The orc priest is moderately wounded.
The orc priest hits you with a +0 whip.
* * * LOW HITPOINT WARNING * * *
You closely miss the orc priest. Your headbutt misses the orc priest.
The orc priest is moderately wounded.
The orc priest calls down the wrath of Beogh upon you.
Pain shoots through your body!
You die...

### ########..# #...#
..## #..# #.### ##.##
#..# #.# ###.# #..#
#.# .##.# #..# #.#
.##.###########..# #.#
.##...#.#........# #.#
..#[...#####.###o# #.#
###.....# #...#@# #.#
#.#....#####.#.#.###.#
.##.##.##............#
..#.(.###........#####
.##.##..######.###
..#.....# #.#
.##...#.# #.#
.##...### #.#
.##.#..## #.#


You could see an orc priest.

Vanquished Creatures
  Sigmund (D:3)
  An ice beast (D:5)
  2 ogres
  2 scorpions
  A hound (D:5)
  3 bombardier beetles
  A jelly (D:5)
  2 iguanas (D:5)
  An orc wizard (D:4)
  A sleepcap (D:5)
  3 gnolls (D:4)
  2 adders
  2 ufetubi (D:6)
  A dart slug (D:5)
  A ribbon worm (D:3)
  8 orcs
  7 bats
  6 endoplasms
  4 giant cockroaches
  5 goblins
  6 hobgoblins
  5 jackals
  2 quokkas
  11 ball pythons
  4 frilled lizards
  12 kobolds
  6 rats
100 creatures vanquished.

Notes
Turn   | Place    | Note
-------+----------+-------------------------------------------
     0 | D:1      | warriortoast the Minotaur Fighter began the quest for the
                  | Orb.
     0 | D:1      | Reached XP level 1. HP: 19/19 MP: 0/0
   129 | D:1      | Reached XP level 2. HP: 25/27 MP: 1/1
   176 | D:1      | Found a faded altar of an unknown god.
   640 | D:2      | Reached XP level 3. HP: 34/34 MP: 2/2
  1826 | D:3      | Noticed Sigmund
  2330 | D:3      | Killed Sigmund
  2331 | D:3      | Reached skill level 5 in Axes
  2331 | D:3      | Reached XP level 4. HP: 38/44 MP: 3/3
  2331 | D:3      | Reached XP level 5. HP: 43/50 MP: 4/4
  2437 | D:4      | Reached XP level 6. HP: 46/58 MP: 5/5
  3107 | D:4      | Reached XP level 7. HP: 66/66 MP: 6/6
  3355 | D:5      | Entered Level 5 of the Dungeon
  4378 | D:5      | Killed from afar by an orc priest

Illustrated notes

Levels and vault maps discovered:
D:1:      elethiomel_arrival_infinity_welcomes_careful_drivers, layout_rooms,
          basic_ecumenical_altar
D:2:      layout_rooms, chequers_big_river, minivault_11
D:3:      layout_basic, hangedman_decor_push, nicolae_elevator_lobby_plus,
          uniq_sigmund
D:4:      layout_loops_ring, minmay_quadrilaterals
D:5:      layout_loops_ring, minmay_misc_feat_rugged, grunt_decor_one_mirror
D:6:      layout_cave_pools, kiku_gazebo_pond_becter,
          mainiacjoe_overflow_big_doors, lemuel_temple_firewalk_b,
          nrook_pool_corridor

Skill      XL: |  1  2  3  4  5  6  7 |
---------------+----------------------+-----
Fighting       | 4 6 7 8 |  8.5
Axes           | 3 5 6 8 |  8.0
Armour         | |  3.6
Shields        | |  3.6

Action                     |  1- 3 |  4- 6 |  7- 9 || total
---------------------------+-------+-------+-------++-------
  Melee: War axe           |   116 |    54 |    49 ||   219
         Headbutt          |     8 |     9 |    19 ||    36
  Throw: Dart              |    12 |     8 |       ||    20
 Armour: Scale mail        |   110 |    37 |    37 ||   184
  Dodge: Dodged            |    59 |    28 |    27 ||   114
  Block: Buckler           |    21 |    14 |    11 ||    46

Table legend: (Time is in decaauts)
 A = Elapsed time spent in this place.
 B = Non-inter-level travel time spent in this place.
 C = Inter-level travel time spent in this place.
 D = Time resting spent in this place.
 E = Time spent auto-exploring this place.
 F = Levels seen in this place.
 G = Mean time per level.
                   A        B        C        D        E       F      G
               +--------+--------+--------+--------+--------+-----+--------+
         Total |   4451 |   4161 |    290 |    406 |   3000 |   6 |  741.8 |
       Dungeon |   4451 |   4161 |    290 |    406 |   3000 |   6 |  741.8 |
               +--------+--------+--------+--------+--------+-----+--------+

Top non-repeatable levels by time:
     D:4: 1100 daAuts
     D:2: 971 daAuts
     D:5: 857 daAuts
     D:3: 801 daAuts
     D:1: 666 daAuts
     D:6: 54 daAuts
